 Dungeon Crawl Stone Soup version 0.17.1-2-g5865329 (webtiles) character file.

5847 kaze the Nimble (level 10, 0/100 HPs)
             Began as a Troll Berserker on Jan 25, 2016.
             Was an Elder of Trog.
             Slain by a troll (11 damage)
             ... on level 10 of the Dungeon.
             The game lasted 00:44:16 (6918 turns).

kaze the Nimble (Troll Berserker)                   Turns: 6918, Time: 00:44:17

Health: 0/100      AC: 14    Str: 30    XL:     10   Next: 51%
Magic:  0/9        EV: 15    Int:  3    God:    Trog [****..]
Gold:   15         SH:  0    Dex:  9    Spells: 0 memorised, 9 levels left

rFire  . . .     SeeInvis .     E - +3 scythe (protect)
rCold  . . .     Clarity  .     a - +2 animal skin
rNeg   . . .     SustAt   .     (shield currently unavailable)
rPois  .         Gourm    +     (helmet restricted)
rElec  .         Spirit   +     q - +1 cloak
rCorr  .         Warding  .     (gloves unavailable)
rMut   .         Stasis   .     (boots unavailable)
MR     +....                    r - amulet of guardian spirit
Stlth  +.........               h - ring of protection from magic
                                y - +2 ring of evasion

@: exhausted, slowed, very slow, somewhat resistant to hostile enchantments,
very unstealthy
A: unfitting armour, claws 3, fast metabolism 3, gourmand, regeneration 2,
shaggy fur 1, tough skin 2
a: Berserk, Trog's Hand, Brothers in Arms, Burn Spellbooks, Renounce Religion


You were on level 10 of the Dungeon.
You worshipped Trog.
Trog was greatly pleased with you.
You were not hungry.

You visited 1 branch of the dungeon, and saw 10 of its levels.

You collected 15 gold pieces.

Inventory:

Hand Weapons
 E - a +3 scythe of protection (weapon)
Armour
 a - a +2 animal skin (worn)
 q - a +1 cloak (worn)
Jewellery
 h - a ring of protection from magic (right claw)
 r - an amulet of guardian spirit (around neck)
 y - a +2 ring of evasion (left claw)
Scrolls
 g - 2 scrolls of magic mapping
 k - a scroll of identify
 s - a scroll of brand weapon {unknown}
 t - 2 scrolls of immolation
 B - a scroll of recharging {unknown}
Potions
 d - a potion of might {unknown}
 f - a potion of agility
 i - a potion of poison {unknown}
 l - 2 potions of brilliance {unknown}
 m - a potion of degeneration {unknown}
 n - a potion of lignification {unknown}
 v - 3 potions of curing {unknown}
 x - a potion of mutation {unknown}
Comestibles
 b - 7 bread rations
 c - a meat ration
 C - a beef jerky


   Skills:
 + Level 6.6 Fighting
   Level 1.0 Maces & Flails
 * Level 6.1 Polearms
 + Level 9.2 Dodging
 - Level 6.2 Unarmed Combat


You had 9 spell levels left.
You didn't know any spells.

Dungeon Overview and Level Annotations

Branches:
Dungeon (10/15)            Temple (0/1) D:5            Lair (0/8) D:9
    Orc: D:9-12

Altars:
Cheibriados
Dithmenos
Fedhas
Nemelex Xobeh
Okawaru
Qazlal
Sif Muna
Trog
Yredelemnul
The Shining One

Shops:
D:6 %:

Annotations:
D:8 Maurice


Innate Abilities, Weirdness & Mutations

You are too large for most types of armour.
You have claws for hands.
Your metabolism is lightning-fast.
You like to eat raw meat.
You heal very quickly.
You are covered in fur (AC +1).
You have very tough skin (AC +2).


Message History

The troll is moderately wounded.
Your skin stops crawling.
You feel less resistant to hostile enchantments.
The troll bites you but does no damage. The troll claws you!
The troll claws you. The troll bites you!
* * * LOW HITPOINT WARNING * * *
The troll completely misses you. The troll claws you.
* * * LOW HITPOINT WARNING * * *
You fail to use your ability.
The troll completely misses you. The troll claws you!
* * * LOW HITPOINT WARNING * * *
The troll barely misses you. x2
The troll claws you but does no damage. The troll claws you.
* * * LOW HITPOINT WARNING * * *
The troll bites you.
* * * LOW HITPOINT WARNING * * *
The troll claws you.
* * * LOW HITPOINT WARNING * * *
The troll claws you!
You die...

############
#...........
#...........
#...........
+...........
...........
#........#
#@# #T# #H#
#)# #.# #.#
#o# #.# #.#


You could see a manticore, a troll and an orc.

Vanquished Creatures
  Pikel (D:6)
  Joseph (D:8)
  The ghost of ololoev the Chopper, an amateur DsFi of Makhleb (D:5)
  A spriggan (D:7)
  Sigmund (D:6)
  3 yaks (D:9)
  Menkaure (D:6)
  Edmund (D:6)
  2 orc warriors
  3 ogres
  A necrophage (D:5)
  3 ice beasts
  A sky beast (D:7)
  A centaur (D:9)
  A gnoll sergeant (D:6)
  7 giant frogs
  A wyvern zombie (D:6)
  A big kobold (D:8)
  A wyvern skeleton (D:6)
  4 scorpions (D:8)
  18 wights
  A water moccasin skeleton (D:4)
  2 giant frog zombies (D:8)
  4 crimson imps
  3 centaur skeletons
  A hound (D:8)
  5 orc priests
  A jelly (D:5)
  9 orc wizards
  3 iguanas
  2 worker ants
  A killer bee zombie (D:9)
  16 gnolls
  7 adders
  A shadow imp (D:5)
  3 oozes
  2 worms (D:2)
  5 giant geckos
  38 orcs
  A ball python (D:1)
  4 bats
  2 giant cockroaches
  4 hobgoblins
  10 jackals
  8 kobolds
  2 quokkas
  5 giant newts
  4 goblins
  6 rats
204 creatures vanquished.

Vanquished Creatures (others)
  3 slaves (D:6)
  An ogre (D:6)
  A crimson imp (D:6)
5 creatures vanquished.

Grand Total: 209 creatures vanquished

Notes
Turn   | Place    | Note
--------------------------------------------------------------
     0 | D:1      | kaze the Troll Berserker began the quest for the Orb.
     0 | D:1      | Reached XP level 1. HP: 22/22 MP: 0/0
   374 | D:1      | Reached XP level 2. HP: 29/29 MP: 1/1
   773 | D:2      | Reached ** piety under Trog
   773 | D:2      | Reached XP level 3. HP: 36/36 MP: 2/2
  1117 | D:3      | Noticed a giant frog
  1127 | D:2      | Killed a giant frog
  1127 | D:2      | Reached XP level 4. HP: 27/45 MP: 1/3
  1373 | D:3      | Reached XP level 5. HP: 41/53 MP: 1/4
  1416 | D:3      | Found a glowing golden altar of the Shining One.
  1521 | D:3      | Found a snail-covered altar of Cheibriados.
  1608 | D:3      | Reached skill level 4 in Dodging
  1719 | D:3      | Reached XP level 6. HP: 56/61 MP: 5/5
  2119 | D:4      | Found a sparkling altar of Nemelex Xobeh.
  2157 | D:4      | Reached *** piety under Trog
  2163 | D:4      | Reached skill level 5 in Dodging
  2258 | D:4      | Reached XP level 7. HP: 68/68 MP: 6/6
  2382 | D:5      | Entered Level 5 of the Dungeon
  2383 | D:5      | Found a staircase to the Ecumenical Temple.
  2495 | D:5      | Found a bloodstained altar of Trog.
  2689 | D:5      | Found an iron altar of Okawaru.
  2706 | D:5      | Reached skill level 5 in Unarmed Combat
  2821 | D:5      | Found a blossoming altar of Fedhas.
  2845 | D:5      | Reached skill level 6 in Dodging
  3063 | D:5      | Noticed ololoev's ghost (amateur DsFi)
  3080 | D:5      | Killed ololoev's ghost
  3080 | D:5      | Reached XP level 8. HP: 79/79 MP: 7/7
  3107 | D:6      | Noticed Edmund
  3131 | D:6      | Killed Edmund
  3167 | D:6      | Noticed Sigmund
  3191 | D:6      | Killed Sigmund
  3191 | D:6      | Reached skill level 1 in Maces & Flails
  3333 | D:6      | Reached skill level 5 in Fighting
  3337 | D:6      | Reached skill level 1 in Polearms
  3340 | D:6      | Reached skill level 7 in Dodging
  3436 | D:6      | Found Gab Itun's Food Shoppe.
  3492 | D:6      | Found Vutrus's Book Emporium.
  3504 | D:6      | Noticed Menkaure
  3527 | D:6      | HP: 6/120 [Menkaure (17)]
  3528 | D:6      | Killed Menkaure
  3528 | D:6      | Reached XP level 9. HP: 6/88 MP: 0/8
  3774 | D:6      | Noticed Pikel
  3791 | D:6      | Killed Pikel
  3821 | D:6      | Reached skill level 8 in Dodging
  5325 | D:8      | Reached XP level 10. HP: 81/98 MP: 6/9
  5474 | D:8      | Reached skill level 5 in Polearms
  5520 | D:8      | Noticed Joseph
  5541 | D:8      | Killed Joseph
  5633 | D:8      | Found a deep blue altar of Sif Muna.
  5750 | D:8      | Reached **** piety under Trog
  5952 | D:8      | Noticed Maurice
  6113 | D:9      | Found a staircase to the Lair.
  6145 | D:9      | Found a stormy altar of Qazlal.
  6148 | D:9      | Found a deep blue altar of Sif Muna.
  6167 | D:9      | Found a bloodstained altar of Trog.
  6532 | D:9      | Reached skill level 9 in Dodging
  6739 | D:9      | Found a deep blue altar of Sif Muna.
  6832 | D:9      | Found a basalt altar of Yredelemnul.
  6834 | D:9      | Found a shadowy altar of Dithmenos.
  6888 | D:10     | Entered Level 10 of the Dungeon
  6909 | D:10     | Noticed a manticore
  6918 | D:10     | Slain by a troll

Action                   |  1- 3 |  4- 6 |  7- 9 | 10-12 || total
-------------------------+-------+-------+-------+-------++-------
Melee: Unarmed           |    70 |   138 |    74 |       ||   282
       Scythe            |       |       |   271 |   213 ||   484
       Flail             |       |       |    14 |       ||    14
Invok: Trog's Hand       |       |     4 |     8 |     3 ||    15
       Berserk           |       |     2 |    12 |     3 ||    17
  Use: Scroll            |       |       |    14 |     2 ||    16
  Eat: Chunk             |     9 |    19 |    23 |    12 ||    63
       Meat ration       |       |       |     2 |       ||     2
       Beef jerky        |       |       |     1 |       ||     1
       Bread ration      |       |       |     2 |     1 ||     3
